 Dungeon Crawl Stone Soup version 0.21-a0-369-g397cdb2 (webtiles) character file.

1826 zxpr0jk the Shield-Bearer (level 9, -8/73 HPs)
             Began as a Gnoll Fighter on Oct 15, 2017.
             Was a Follower of Cheibriados.
             Mangled by arthad's ghost (13 damage)
             ... on level 8 of the Dungeon.
             The game lasted 00:12:08 (5918 turns).

zxpr0jk the Shield-Bearer (Gnoll Fighter)           Turns: 5918, Time: 00:12:08

Health: -8/73      AC:  6    Str: 21    XL:     9   Next: 11%
Magic:  9/14       EV: 14    Int: 15    God:    Cheibriados [*.....]
Gold:   119        SH:  0    Dex: 20    Spells: 11/15 levels left

rFire    + . .     SeeInvis +   L - +5 great sword (curse)
rCold    . . .     Gourm    .   (shield currently unavailable)
rNeg     + . .     Faith    .   B - +2 robe {rF+}
rPois    .         Spirit   .   m - +0 helmet
rElec    .         Reflect  .   (no cloak)
rCorr    .         Harm     +   (no gloves)
MR       .....                  (no boots)
Stlth    +++.......             o - amulet of harm
HPRegen  0.22/turn              D - ring of positive energy
MPRegen  0.14/turn              J - ring of see invisible

@: very slow
A: distributed training, fangs 1, strong nose
a: Bend Time, Renounce Religion


You were on level 8 of the Dungeon.
You worshipped Cheibriados.
Cheibriados was aware of your devotion.
You were hungry.

You visited 2 branches of the dungeon, and saw 9 of its levels.

You collected 303 gold pieces.
You spent 184 gold pieces at shops.

Inventory:

Hand Weapons
 E - the +9 dagger "Porubipu" {pierce, *Contam +Blink rF+ rN++, unknown}
   (You found it on level 8 of the Dungeon)

   It inflicts extra damage upon your enemies.
   It protects you from fire.
   It greatly protects you from negative energy.
   It lets you blink.
   It causes magical contamination when unequipped.
 L - a cursed +5 great sword (weapon)
Armour
 m - a +0 helmet (worn)
 q - a +0 chain mail
 B - a +2 robe of fire resistance (worn)
Jewellery
 o - an amulet of harm (around neck)
 D - a ring of positive energy (left hand)
 J - a ring of see invisible (right hand)
Wands
 a - a wand of confusion (3/48)
 b - a wand of lightning (12/15)
 l - a wand of polymorph (12/24)
 v - a wand of iceblast (9/15)
 y - a wand of confusion (48/48)
 C - a wand of polymorph (15/24)
Scrolls
 d - a scroll of fear {unknown}
 i - a scroll of enchant armour
 j - a scroll of magic mapping
 n - 2 scrolls of recharging
 s - 2 scrolls of remove curse
 A - 2 scrolls of teleportation
Potions
 e - 6 potions of curing
 h - 2 potions of brilliance
 k - a potion of magic {unknown}
 p - 2 potions of ambrosia
 r - a potion of invisibility {unknown}
 t - a potion of cancellation {unknown}
 u - 6 potions of lignification {unknown}
 x - 2 potions of flight {unknown}
 z - a potion of agility {unknown}
 F - a potion of mutation {unknown}
 I - a potion of haste {unknown}
Books
 c - a book of Conjurations

   Spells                             Type                      Level
   a - Magic Dart                     Conjuration                  1
   b - Searing Ray                    Conjuration                  2
   c - Dazzling Spray                 Conjuration/Hexes            3
   d - Fulminant Prism                Conjuration/Hexes            4
   e - Force Lance                    Conjuration/Translocation    4
   f - Iskenderun's Mystic Blast      Conjuration                  4
 w - a book of Cantrips

   Spells                             Type                      Level
   a - Confusing Touch                Hexes                        1
   b - Animate Skeleton               Necromancy                   1
   c - Summon Small Mammal            Summoning                    1
   d - Apportation                    Translocation                1
Comestibles
 f - 6 bread rations
 g - 3 meat rations


   Skills:
 + Level 7.6 Fighting
 + Level 3.8 Short Blades
 + Level 6.0 Long Blades
 + Level 3.8 Axes
 + Level 3.8 Maces & Flails
 + Level 3.8 Polearms
 + Level 3.8 Staves
 + Level 3.8 Slings
 + Level 3.8 Bows
 + Level 3.8 Crossbows
 + Level 3.8 Throwing
 + Level 7.6 Armour
 + Level 3.8 Dodging
 + Level 3.8 Stealth
 + Level 7.6 Shields
 + Level 3.8 Unarmed Combat
 + Level 3.8 Spellcasting
 + Level 3.1 Conjurations
 + Level 3.1 Hexes
 + Level 3.1 Charms
 + Level 3.1 Summonings
 + Level 3.1 Necromancy
 + Level 3.1 Translocations
 + Level 3.1 Transmutations
 + Level 3.1 Fire Magic
 + Level 3.1 Ice Magic
 + Level 3.1 Air Magic
 + Level 3.1 Earth Magic
 + Level 3.1 Poison Magic
 + Level 4.2 Invocations
 + Level 3.8 Evocations


You had 11 spell levels left.
You knew the following spells:

 Your Spells              Type           Power        Failure   Level  Hunger
a - Apportation           Tloc           ##....       4%          1    None
b - Dazzling Spray        Conj/Hex       ##....       16%         3    ###....


Dungeon Overview and Level Annotations

Branches:
Dungeon (8/15)             Temple (1/1) D:5
   Lair: D:8-11

Altars:
Ashenzari
Cheibriados
Dithmenos
Elyvilon
Fedhas
Gozag
Hepliaklqana
Kikubaaqudgha
Makhleb
Nemelex Xobeh
Okawaru
Qazlal
Ru
Sif Muna
Trog
Uskayaw
Vehumet
Xom
Yredelemnul
Zin
The Shining One

Shops:
D:6 *

Annotations:
D:8 arthad's ghost, novice GnMo


Innate Abilities, Weirdness & Mutations

Your experience applies equally to all skills.
You have very sharp teeth.
Your uncanny sense of smell can sniff out nearby items.


Message History

You bite arthad's ghost, but do no damage.
Arthad's ghost is severely damaged.
You slash arthad's ghost!
You bite arthad's ghost, but do no damage.
Arthad's ghost is almost destroyed.
Arthad's ghost barely misses you. Arthad's ghost hits you!
You miss arthad's ghost.
You bite arthad's ghost, but do no damage.
Arthad's ghost is almost destroyed.
Arthad's ghost closely misses you.
You closely miss arthad's ghost.
Arthad's ghost is almost destroyed.
Arthad's ghost whispers, "Everlasting silence awaits you..."
Arthad's ghost hits you but does no damage.
You hit arthad's ghost.
Arthad's ghost is almost destroyed.
Arthad's ghost hits you!!
* * * LOW HITPOINT WARNING * * *
Arthad's ghost hits you!
You die...

## #.. . ∆ ..###. ..#
.## ......#####.##..
#...#...... #
##[.#.#..####.#
######....#.......#
#......#.......# ####.
#..<...#..#..#.##......
#.........#..#?@W......
#.............(........
#.....###.#.#####.####.
#.....# #.#.. .#
####### #.### # ∆ #..


You could see arthad's ghost.

Vanquished Creatures
  A hippogriff (D:7)
  A phantom (D:5)
  An ice beast (D:7)
  A black bear (D:7)
  A centaur (D:7)
  A bullfrog (D:7)
  3 howler monkeys (D:7)
  3 wights
  3 crimson imps
  3 orc priests
  A bullfrog skeleton (D:7)
  5 hounds
  4 orc wizards
  A bullfrog zombie (D:5)
  An iguana (D:4)
  6 worker ants
  2 hound zombies
  A hound skeleton (D:5)
  A worker ant zombie (D:6)
  3 gnolls (D:7)
  7 adders
  2 shadow imps
  An ooze (D:3)
  An adder skeleton (D:4)
  3 worms (D:4)
  4 dart slugs
  4 leopard geckos
  11 orcs
  2 giant cockroaches
  16 goblins
  9 hobgoblins
  23 jackals
  8 kobolds
  A quokka (D:3)
  A ball python (D:1)
  8 bats
  6 frilled lizards
  A leopard gecko skeleton (D:4)
  11 rats
162 creatures vanquished.

Notes
Turn   | Place    | Note
-------+----------+-------------------------------------------
     0 | D:1      | zxpr0jk the Gnoll Fighter began the quest for the Orb.
     0 | D:1      | Reached XP level 1. HP: 23/23 MP: 1/1
   113 | D:1      | Reached XP level 2. HP: 29/29 MP: 2/2
   465 | D:1      | Reached XP level 3. HP: 33/35 MP: 3/3
   656 | D:2      | Reached skill level 1 in Invocations
   704 | D:2      | Reached skill level 1 in Short Blades
   704 | D:2      | Reached skill level 1 in Axes
   704 | D:2      | Reached skill level 1 in Maces & Flails
   704 | D:2      | Reached skill level 1 in Polearms
   704 | D:2      | Reached skill level 1 in Staves
   704 | D:2      | Reached skill level 1 in Slings
   704 | D:2      | Reached skill level 1 in Bows
   704 | D:2      | Reached skill level 1 in Crossbows
   704 | D:2      | Reached skill level 1 in Throwing
   704 | D:2      | Reached skill level 1 in Dodging
   704 | D:2      | Reached skill level 1 in Stealth
   704 | D:2      | Reached skill level 1 in Unarmed Combat
   704 | D:2      | Reached skill level 1 in Spellcasting
   704 | D:2      | Reached skill level 1 in Evocations
   761 | D:2      | Reached XP level 4. HP: 40/41 MP: 5/5
  1028 | D:2      | Found a faded altar of an unknown god.
  1599 | D:3      | Reached skill level 1 in Conjurations
  1599 | D:3      | Reached skill level 1 in Hexes
  1599 | D:3      | Reached skill level 1 in Charms
  1599 | D:3      | Reached skill level 1 in Summonings
  1599 | D:3      | Reached skill level 1 in Necromancy
  1599 | D:3      | Reached skill level 1 in Translocations
  1599 | D:3      | Reached skill level 1 in Transmutations
  1599 | D:3      | Reached skill level 1 in Fire Magic
  1599 | D:3      | Reached skill level 1 in Ice Magic
  1599 | D:3      | Reached skill level 1 in Air Magic
  1599 | D:3      | Reached skill level 1 in Earth Magic
  1599 | D:3      | Reached skill level 1 in Poison Magic
  1648 | D:3      | Reached XP level 5. HP: 43/47 MP: 6/6
  2301 | D:4      | Reached XP level 6. HP: 36/53 MP: 8/8
  2527 | D:4      | Reached skill level 5 in Long Blades
  2683 | D:4      | Learned a level 1 spell: Apportation
  2934 | D:4      | Noticed a moth of wrath
  2937 | D:4      | Found a bloodstained altar of Trog.
  3193 | D:5      | Entered Level 5 of the Dungeon
  3208 | D:5      | Reached XP level 7. HP: 44/59 MP: 10/10
  3584 | D:5      | Found a staircase to the Ecumenical Temple.
  3718 | Temple   | Entered the Ecumenical Temple
  3871 | Temple   | Became a worshipper of Cheibriados the Contemplative
  4190 | D:6      | Found Plog's Assorted Antiques.
  4204 | D:6      | Bought a notched coral ring for 95 gold pieces
  4204 | D:6      | Bought a scroll labeled UWISEB AQOME for 19 gold pieces
  4204 | D:6      | Bought a fizzy grey potion for 17 gold pieces
  4204 | D:6      | Bought a smoky white potion for 17 gold pieces
  4204 | D:6      | Bought a murky silvery potion for 17 gold pieces
  4204 | D:6      | Bought a scroll labeled YSEISUAGUGG for 19 gold pieces
  4843 | D:6      | Reached XP level 8. HP: 67/67 MP: 12/12
  5036 | D:7      | Reached * piety under Cheibriados
  5038 | D:7      | Noticed a hippogriff
  5043 | D:7      | Killed a hippogriff
  5277 | D:7      | Learned a level 3 spell: Dazzling Spray
  5529 | D:7      | Found an iron altar of Okawaru.
  5536 | D:7      | Reached XP level 9. HP: 63/72 MP: 14/14
  5904 | D:8      | Got a translucent dagger
  5908 | D:8      | Noticed arthad's ghost (novice GnMo)
  5918 | D:8      | Mangled by arthad's ghost

Vault maps used:
D:1:      minmay_arrival_glassed_features, minmay_misc_feat_room
D:2:      first_bread, chequers_ecumenical_altar_simple
D:3:      kennysheep_big_flooded_room
D:4:      tgw_trog
D:5:      temple_statues
D:6:      serial_shops, nicolae_shop_overgrown_old_shop
D:7:      okawaru_metal_pillars_1_2
D:8:      kennysheep_mini_moat, david_lair_generic, hangedman_ranch
Temple:   kilobyte_greek_temple

Skill      XL: |  1  2  3  4  5  6  7  8  9 |
---------------+----------------------------+-----
Invocations    | 1 2 3 4 |  4.2
Short Blades   | 1 2 3 |  3.8
Axes           | 1 2 3 |  3.8
Maces & Flails | 1 2 3 |  3.8
Polearms       | 1 2 3 |  3.8
Staves         | 1 2 3 |  3.8
Slings         | 1 2 3 |  3.8
Bows           | 1 2 3 |  3.8
Crossbows      | 1 2 3 |  3.8
Throwing       | 1 2 3 |  3.8
Dodging        | 1 2 3 |  3.8
Stealth        | 1 2 3 |  3.8
Unarmed Combat | 1 2 3 |  3.8
Spellcasting   | 1 2 3 |  3.8
Evocations     | 1 2 3 |  3.8
Conjurations   | 1 2 3 |  3.1
Hexes          | 1 2 3 |  3.1
Charms         | 1 2 3 |  3.1
Summonings     | 1 2 3 |  3.1
Necromancy     | 1 2 3 |  3.1
Translocations | 1 2 3 |  3.1
Transmutations | 1 2 3 |  3.1
Fire Magic     | 1 2 3 |  3.1
Ice Magic      | 1 2 3 |  3.1
Air Magic      | 1 2 3 |  3.1
Earth Magic    | 1 2 3 |  3.1
Poison Magic   | 1 2 3 |  3.1
Long Blades    | 5 6 |  6.0
Fighting       | 7 |  7.6
Armour         | 7 |  7.6
Shields        | 7 |  7.6

Action                   |  1- 3 |  4- 6 |  7- 9 || total
-------------------------+-------+-------+-------++-------
Melee: Long sword        |    94 |   274 |   160 ||   528
       Bite              |     6 |    38 |    38 ||    82
       Great sword       |       |       |    52 ||    52
       Unarmed           |       |       |     7 ||     7
 Cast: Dazzling Spray    |       |       |     2 ||     2
Evoke: Wand              |       |       |     1 ||     1
  Use: Potion            |       |     1 |     5 ||     6
       Scroll            |       |       |    15 ||    15
 Stab: Sleeping          |       |       |     1 ||     1
  Eat: Bread ration      |       |     1 |       ||     1
       Chunk             |       |     4 |     7 ||    11
Armor: Scale mail        |    41 |    91 |    49 ||   181
       Ring mail         |       |       |    12 ||    12
       Robe              |       |       |    15 ||    15
Dodge: Dodged            |    28 |    96 |    99 ||   223
Block: Shield            |    63 |   182 |    77 ||   322
       Rpst.: Long sword |     7 |    26 |    12 ||    45
       Great sword       |       |       |    15 ||    15

Table legend:
 A = Spawn XP
 B = Non-spawn XP
 C = Spawn XP percentage of total XP
 D = Spawn monster count
 E = Non-spawn monster count
 F = Spawn count percentage of total count
 G = Total turns spent on level
                    A         B        C        D         E        F      G
               +---------+---------+-------+---------+---------+-------+---------
         Total |       0 |    2609 |   0.0 |       0 |     162 |   0.0 |  5918
               +---------+---------+-------+---------+---------+-------+---------
           D:1 |       0 |      34 |   0.0 |       0 |      19 |   0.0 |   587
           D:2 |       0 |      79 |   0.0 |       0 |      32 |   0.0 |   968
           D:3 |       0 |      84 |   0.0 |       0 |      29 |   0.0 |   656
           D:4 |       0 |     385 |   0.0 |       0 |      32 |   0.0 |   982
           D:5 |       0 |     342 |   0.0 |       0 |      14 |   0.0 |   764
           D:6 |       0 |     381 |   0.0 |       0 |      14 |   0.0 |   605
           D:7 |       0 |    1304 |   0.0 |       0 |      22 |   0.0 |  1137
               +---------+---------+-------+---------+---------+-------+---------
